 Dungeon Crawl Stone Soup version 0.18.1-1-g2f07953 (webtiles) character file.

107 Holeefuk the Chopper (level 4, -7/58 HPs)
             Began as a Hill Orc Fighter on May 6, 2016.
             Mangled by a gnoll
             ... wielding a +0 halberd
              (9 damage)
             ... on level 3 of the Dungeon on May 7, 2016.
             The game lasted 00:10:07 (1485 turns).

Holeefuk the Chopper (Hill Orc Fighter)             Turns: 1485, Time: 00:10:08

Health: -7/58      AC: 22    Str: 22 (23) XL:     4   Next: 85%
Magic:  4/4        EV:  2    Int: 12 (13) God:
Gold:   102        SH:  9    Dex: 10 (11) Spells: 0 memorised, 3 levels left

rFire  . . .     SeeInvis .     a - +0 war axe
rCold  . . .     Gourm    .     (armour currently unavailable)
rNeg   + + +     Faith    .     c - +0 shield
rPois  +         Spirit   .     (helmet currently unavailable)
rElec  .         Dismiss  .     (cloak currently unavailable)
rCorr  .         Reflect  .     (gloves currently unavailable)
SustAt +         Harm     .     (boots currently unavailable)
MR     .....     NoTele   +     (no amulet)
Stlth  +.........               m - ring of sustain attributes
                                p - ring of teleportation (curse)

@: mighty, brilliant, tree-form, not resistant to hostile enchantments, very
unstealthy
A: no striking features
a: no special abilities


You were on level 3 of the Dungeon.
You were not hungry.
You were a tree.
You visited 1 branch of the dungeon, and saw 3 of its levels.

You collected 102 gold pieces.

Inventory:

Hand Weapons
 a - a +0 war axe (weapon)
Armour
 b - a +1 scale mail (melded)
 c - a +0 shield (worn)
 g - a +0 pair of gloves (melded)
Jewellery
 j - an uncursed ring of magical power
 m - a ring of sustain attributes (right branch)
 p - a cursed ring of teleportation (left branch)
Potions
 h - 2 potions of degeneration
Comestibles
 f - 3 bread rations
 k - a beef jerky


   Skills:
 - Level 3.6 Fighting
 - Level 6.0 Axes
 - Level 3.2 Armour
 + Level 1.1 Dodging
 - Level 3.2 Shields


You had 3 spell levels left.
You didn't know any spells.

Dungeon Overview and Level Annotations

Branches:
Dungeon (3/15)

Altars:
Pakellas
Yredelemnul


Message History

The adder bites you but does no damage. You block the gnoll's attack.
The adder bites you.
* * * LOW HITPOINT WARNING * * *
The gnoll hits you but does no damage.
You slash the adder!
You kill the adder!
Your Dodging skill increases to level 1!
You miss the adder.
The adder is heavily wounded.
The adder barely misses you. The gnoll hits you but does no damage.
The adder bites you but does no damage. You block the gnoll's attack.
You cannot move.
Unknown command.
Drink which item? (? for menu, Esc to quit)
It was a potion of magic.
Magic courses through your body. You block the adder's attack.
The gnoll hits you from afar with a halberd of protection.
* * * LOW HITPOINT WARNING * * *
The gnoll hits you from afar with a halberd!
You die...

..... .....
..#... .....
..#... .....
...... . ...
...K..#######.#
. ..
..............#
.. .
.....g.g......#
..
......†.......#
..
.......♣......#
...#....S.....#
..............#
...............
$..............
##.#...........
#.#...........
# #...........


You could see 2 gnolls, an adder and a kobold.

Vanquished Creatures
  5 adders
  An ooze (D:2)
  A dart slug (D:1)
  A ball python (D:1)
  6 bats (D:1)
  5 giant cockroaches
  13 goblins
  4 hobgoblins
  2 jackals (D:1)
  8 kobolds
  3 giant newts
  4 rats
53 creatures vanquished.

Notes
Turn   | Place    | Note
--------------------------------------------------------------
     0 | D:1      | Holeefuk the Hill Orc Fighter began the quest for the Orb.
     0 | D:1      | Reached XP level 1. HP: 19/19 MP: 1/1
    34 | D:1      | Reached skill level 3 in Axes
   124 | D:1      | Reached XP level 2. HP: 24/26 MP: 2/2
   136 | D:1      | Reached skill level 4 in Axes
   236 | D:1      | Reached XP level 3. HP: 27/31 MP: 3/3
   594 | D:2      | Reached skill level 5 in Axes
   672 | D:2      | Reached XP level 4. HP: 35/39 MP: 4/4
   679 | D:2      | Found a basalt altar of Yredelemnul.
   715 | D:2      | Found an oddly glowing altar of Pakellas.
  1051 | D:2      | Reached skill level 6 in Axes
  1161 | D:2      | Found a faded altar to an unknown god.
  1484 | D:3      | Reached skill level 1 in Dodging
  1485 | D:3      | HP: 2/58 [gnoll/halberd of protection (6)]
  1485 | D:3      | Mangled by a gnoll

Skill      XL: |  1  2  3  4 |
---------------+-------------+-----
Axes           | 3 4 5 6 |  6.0
Dodging        | 1 |  1.1
Fighting       | |  3.6
Armour         | |  3.2
Shields        | |  3.2

Action                   |  1- 3 |  4- 6 || total
-------------------------+-------+-------++-------
Melee: War axe           |    97 |    63 ||   160
  Use: Potion            |       |     6 ||     6
       Scroll            |       |     3 ||     3
  Eat: Chunk             |       |     2 ||     2
Armor: Scale mail        |    51 |    34 ||    85
       Skin              |       |    11 ||    11
Dodge: Dodged            |    29 |    19 ||    48
Block: Shield            |    49 |    47 ||    96
